 Dungeon Crawl Stone Soup version 0.31.0-11-ge490571c62 (webtiles) character file.

Game seed: 2404513863839045672

179048 Bnni the Peltast (level 18, -3/134 HPs)
             Began as a Formicid Fighter on Feb 8, 2024.
             Was a High Priest of Hepliaklqana.
             Killed by the raging water
             ... invoked by a water nymph
              (13 damage)
             ... on level 4 of the Shoals.
             The game lasted 01:34:56 (25786 turns).

Bnni the Peltast (Formicid Fighter)                Turns: 25786, Time: 01:34:56

Health: -3/134     AC: 24    Str: 28    XL:     18   Next: 90%
Magic:  21/28      EV:  7    Int:  9    God:    Hepliaklqana [*****.]
Gold:   863        SH: 26    Dex: 16    Spells: 17/17 levels left

rFire   + + .        y - +4 quarterstaff (chaos)
rCold   . . .        C - +0 tower shield
rNeg    . . .        A - +2 plate armour {rF+}
rPois   .            (helmet unavailable)
rElec   .            P - +0 cloak {rF+}
rCorr   .            T - +1 pair of gloves {Dex+3}
SInv    +            v - +2 pair of boots
Will    +....        r - amulet of reflection Stlth
                     f - +4 ring of slaying
HPRegen 0.42/turn    M - ring of flight
MPRegen 0.21/turn

%: reflection
@: flying, mesmerised
A: reduced essence, permanent stasis, dig shafts and tunnels, antennae 3, four
strong arms
a: Dig, Shaft Self, Renounce Religion, Recall Ancestor, Ancestor Identity,
Transference, Idealise


You were on level 4 of the Shoals.
You worshipped Hepliaklqana.
Hepliaklqana was extremely pleased with you.
You visited 5 branches of the dungeon, and saw 27 of its levels.
You also visited: Sewer and Volcano.

You collected 3277 gold pieces.
You spent 2414 gold pieces at shops.

Inventory:

Hand Weapons
 y - a +4 quarterstaff of chaos (weapon)
 O - a +1 halberd of flaming
Missiles
 l - 20 javelins
 s - a throwing net
 H - 27 boomerangs (quivered)
 I - a curare-tipped dart
Armour
 v - a +2 pair of boots (worn)
 A - a +2 plate armour of fire resistance (worn)
 C - a +0 tower shield (worn)
 P - a +0 cloak of fire resistance (worn)
 Q - a +4 scale mail of cold resistance
 T - a +1 pair of gloves of dexterity (worn)
Jewellery
 b - a ring of ice
 f - a +4 ring of slaying (left hand)
 j - an amulet of regeneration
 r - an amulet of reflection (around neck)
 w - a ring of willpower
 D - a +5 ring of evasion
 M - a ring of flight (right hand)
Wands
 a - a wand of charming (1)
 e - a wand of digging (24)
 p - a wand of roots (18)
 z - a wand of mindburst (7)
 G - a wand of quicksilver (18)
 K - a wand of flame (29)
Scrolls
 g - 6 scrolls of revelation
 h - 2 scrolls of fear
 i - 7 scrolls of vulnerability
 n - 3 scrolls of identify
 o - 7 scrolls of fog
 x - 5 scrolls of enchant armour
 B - 2 scrolls of immolation
 E - a scroll of brand weapon
 F - 2 scrolls of enchant weapon
 R - 4 scrolls of poison
Potions
 c - 4 potions of cancellation
 d - 4 potions of might
 k - 5 potions of curing
 m - 3 potions of resistance
 q - 2 potions of ambrosia
 t - 4 potions of mutation
 u - 5 potions of attraction
 L - 5 potions of enlightenment
 N - 7 potions of heal wounds


   Skills:
 + Level 15.4 Fighting
 - Level 14.0 Staves
 * Level 13.9 Throwing
 + Level 11.5 Armour
 * Level 19.4 Shields
 - Level 14.0 Invocations


You had 17 spell levels left.
You didn't know any spells.
Your spell library contained the following spells:

 Spells                   Type           Power      Damage    Failure   Level
 Apportation              Tloc           0%         N/A       99%         1
 Necrotise                Necr           0%         1d4       99%         1
 Shock                    Conj/Air       0%         1d3       99%         1
 Sting                    Conj/Alch      0%         1d3       99%         1
 Summon Small Mammal      Summ           0%         N/A       99%         1
 Cigotuvi's Dreadful Rot  Necr/Alch/Air  0%         N/A       100%        2
 Jinxbite                 Hex            0%         N/A       100%        2
 Lesser Beckoning         Tloc           0%         N/A       100%        2
 Call Canine Familiar     Summ           0%         N/A       100%        3
 Gell's Gravitas          Tloc           0%         N/A       100%        3
 Sigil of Binding         Hex            0%         N/A       100%        3
 Teleport Other           Tloc           0%         N/A       100%        3
 Tukima's Dance           Hex            0%         N/A       100%        3
 Airstrike                Air            0%         2d(0-16)  100%        4
 Anguish                  Hex/Necr       0%         N/A       100%        4
 Cause Fear               Hex            0%         N/A       100%        4
 Dimensional Bullseye     Hex/Tloc       0%         N/A       100%        4
 Dispel Undead            Necr           0%         3d6       100%        4
 Iskenderun's Mystic Bla  Conj/Tloc      0%         2d3       100%        4
 Martyr's Knell           Necr/Summ      0%         N/A       100%        4
 Passage of Golubria      Tloc           0%         N/A       100%        4
 Summon Blazeheart Golem  Fire/Summ      0%         N/A       100%        4
 Alistair's Intoxication  Alch           0%         N/A       100%        5
 Arcjolt                  Conj/Air       0%         1d10      100%        5
 Silence                  Hex/Air        0%         N/A       100%        5
 Death Channel            Necr           0%         N/A       100%        6
 Enfeeble                 Hex            0%         N/A       100%        7
 Haunt                    Necr/Summ      0%         N/A       100%        7
 Borgnjor's Revivificati  Necr           0%         N/A       100%        8
 Maxwell's Capacitive Co  Air            0%         ∞         100%        8
 Death's Door             Necr           0%         N/A       100%        9
 Swiftness                Air            Unusable   N/A       N/A         3
 Vhi's Electric Charge    Tloc/Air       Unusable   N/A       N/A         4

Dungeon Overview and Level Annotations

Branches:
Dungeon (15/15)            Temple (1/1) D:4            Lair (5/5) D:8
 Shoals (4/4) Lair:2        Snake (0/4) Lair:2        Slime (0/5) Lair:5
    Orc (2/2) D:11            Elf (0/3) Orc:2        Vaults (0/5) D:13
 Depths (0/4) D:15          Sewer (visited)         Volcano (visited)

Altars:
Ashenzari
Cheibriados
Dithmenos
Elyvilon
Fedhas
Gozag
Hepliaklqana
Kikubaaqudgha
Makhleb
Nemelex Xobeh
Okawaru
Qazlal
Ru
Sif Muna
Trog
Uskayaw
Vehumet
Wu Jian
Xom
Yredelemnul
Zin
The Shining One

Shops:
D:2 ?   D:3 *:*[   D:7 *   D:13 =   D:14 ?   Orc:2 ![?=   Shoals:3 !:

Portals:
Trove: D:12 (show abyssal rune of Zot)

Annotations:
D:14 3 runed translucent doors, Uqorphet's ghost, journeyman DECj; Ytheofip's ghost, journeyman FoFi
Shoals:4 Ilsuiw


Innate Abilities, Weirdness & Mutations

Your life essence is reduced to manifest your ancestor. (-10% HP)
You cannot be hasted, slowed, berserked, paralysed or teleported.
You can dig through walls and to a lower floor.
You have a pair of large antennae on your head. (SInv)
Your four strong arms can wield two-handed weapons with a shield.


Message History

The water elemental is knocked back by the gust of wind.
The water elemental slams into the rock wall!
The water elemental is severely damaged.
The water nymph is knocked back by the gust of wind.
The water nymph collides with the water elemental!
The water elemental is severely damaged.
The water nymph is almost dead.
Found a staff of alchemy.
Blaster McGee is not nearby!
Unknown command.
Throw: 2 throwing nets
Press: ? - help, Shift-Dir - straight line, f/p - alligator snapping turtle
Aim: an alligator snapping turtle (moderately wounded, not watching you, 95% to hit)
You throw a throwing net.
The throwing net hits the alligator snapping turtle.
The alligator snapping turtle is caught in the net!
The alligator snapping turtle is moderately wounded.
You hear a splash.
You feel sick.
The merfolk avatar chants its luring song.
The alligator snapping turtle struggles against the net.
Select a target.
Press: ? - help, Dir - move target, f/p - alligator snapping turtle
Aim: an alligator snapping turtle (moderately wounded, entangled in a net, ally target) Some shallow water.
The alligator snapping turtle swaps with Blaster McGee!
You feel sick.
The pull of its song draws you forwards.
You block the alligator snapping turtle's attack.
Blaster McGee points at the alligator snapping turtle and mumbles some strange words.
The bolt of magma hits the alligator snapping turtle!!
The water nymph casts a spell at you. The water rises up and strikes you!!
* * * LOW HITPOINT WARNING * * *
The merfolk avatar chants its luring song.
Unknown command.
You feel better. You block the water elemental's attack.
The water nymph casts a spell at you. The water rises up and strikes you!
You die...

~~~~~~~~~~~~~~~~~~~~~~~~~~~~~..~~
~~~~~~~~~~~~~~~~~~~~~~≈≈~≈≈≈~~~~≈
~~~~~~~~~~~~~~~~~~~~~≈~~~~≈≈≈~..~
~~~~~~~~~~~~~~~#######~~.~≈≈≈~~~≈
~~~~~~~~~~~~~~##≈≈≈≈≈##~~~~~~~~~≈
~~~~~~~~~~~~~##~~~~~#≈##~~~~~~~~~
~~~~~~~~≈≈≈~~#§~§≈m~|#≈#~~~~~~~~~
~~~~~~~≈≈≈≈≈≈#§R#≈#≈~~≈#~~~~~~~~~
~~~~~~~≈≈≈≈≈≈#§§@≈##≈~≈#..~~~~~~~
~~~~~~~≈≈≈≈~~#§~E≈m≈≈.≈#...~~~~~~
~~~~~~~≈≈≈~~~#§#tkm#..≈#....~~~~~
~~~~~~~≈≈~~~~~#~#~k..~##....~####
~~~~~~~≈~~~~~~~#~~~.~##.....#~~~~
~~~~~~~~~~~~~~~~######....†#)#~~~
~~~~~~~~~~~~..k~~~~~~.....#.#~~≈#
~~~~~~~~~~~...).~~~~)~~~~~#~~~≈#≈
~~~~~~~~~~.......~~~~~~~~~#~~≈##≈


You could see the friendly Blaster McGee the battlemage (idealised), an
alligator snapping turtle (ally target), a merfolk avatar (mesmerising), 2 wind
drakes, a merfolk, a water elemental and a water nymph.

Vanquished Creatures
  Jorgrun (D:14)
  An angel (D:14)
  A formless jellyfish (Shoals:3)
  Azrael (D:12)
  The ghost of Murgh the Cleaver, a journeyman MiBe of Trog (Lair:4)
  2 merfolk impalers (Shoals:4)
  2 merfolk javelineers
  A fire dragon (D:14)
  3 ice dragons
  2 vault guards (D:13)
  2 ogre magi
  A catoblepas (Lair:3)
  An alligator snapping turtle (Shoals:4)
  2 hydras (Lair:5)
  3 centaur warriors
  2 death knights
  2 boulder beetles
  A satyr (Shoals:3)
  6 death yaks
  5 two-headed ogres
  3 merfolk aquamancers
  Urug (Orc:2)
  3 skysharks
  4 sea snakes
  Lodul (D:11)
  A swamp dragon (Lair:5)
  An arcanist (D:13)
  A glowing orange brain (D:14)
  A skeletal warrior (Volcano)
  A deep elf archer (D:13)
  An orc knight (D:13)
  7 harpies
  A harpy (shapeshifter) (D:14)
  2 deep elf pyromancers (D:14)
  7 orc sorcerers
  2 manticores
  An alligator skeleton (Volcano)
  A faun (Shoals:2)
  2 meliai
  A black mamba (shapeshifter) (D:14)
  5 elephants
  2 ice statues (Shoals:4)
  3 merfolk sirens
  5 cyclopes
  6 water nymphs
  A torpor snail (Lair:4)
  4 gargoyles
  An orange demon (D:12)
  2 cane toads
  A cane toad (shapeshifter) (D:14)
  4 yaktaurs
  3 efreet
  3 rime drakes
  9 komodo dragons
  4 unseen horrors
  A kobold demonologist (D:11)
  2 tengu conjurers (D:14)
  Psyche (D:11)
  An ice devil (D:12)
  4 trolls
  A polar bear (Lair:4)
  6 merfolk
  3 wind drakes
  5 snapping turtles
  12 blink frogs
  3 harpy skeletons (Volcano)
  6 dream sheep
  3 slime creatures (D:14)
  6 water elementals
  4 fire bats
  3 wraiths
  3 wyverns
  A ynoxinul (D:12)
  A fire elemental (D:11)
  A human (D:13)
  43 yaks
  A steam dragon (D:6)
  6 redbacks (D:12)
  A warg (Orc:1)
  3 basilisks
  3 vampire mosquitoes (D:13)
  Duvessa (D:7)
  10 water moccasins
  A hell hound (D:12)
  2 acid dragons (Lair:5)
  A swamp drake (Lair:5)
  17 orc warriors
  2 ice beasts
  A black bear (D:4)
  A black bear (shapeshifter) (D:15)
  12 ogres
  A sky beast (D:7)
  3 laughing skulls
  3 centaurs
  2 phantoms
  16 bullfrogs
  2 kobold brigands (Sewer)
  A weeping skull (Volcano)
  3 brain worms
  2 scorpions
  3 gnoll sergeants
  3 wights (D:9)
  Dowan (D:7)
  14 killer bees
  3 troll skeletons (Volcano)
  6 howler monkeys
  5 electric eels
  A lava snake (Lair:3)
  A bombardier beetle (D:4)
  A quasit (D:12)
  4 hounds
  3 jellies
  11 orc priests
  6 iguanas
  22 orc wizards
  2 naga skeletons (Volcano)
  29 gnolls
  4 river rats
  11 adders
  A shadow imp (D:6)
  2 white imps
  An ufetubus (D:5)
  A ribbon worm (D:2)
  2 dart slugs
  50 orcs
  12 ball pythons
  4 bats
  4 endoplasms
  4 giant cockroaches
  5 goblins
  9 hobgoblins
  4 jackals
  A quokka (D:1)
  5 frilled lizards
  7 kobolds
  10 rats
592 creatures vanquished.

Vanquished Creatures (collateral kills)
  Bai Suzhen (Shoals:3)
  Gastronok (Lair:2)
  Kirke (D:13)
  The ghost of zfabert001 the Warrior, a journeyman OnGl (D:11)
  An orc warlord (Orc:1)
  Nessos (Orc:2)
  Snorg (D:11)
  2 merfolk javelineers (Shoals:4)
  The ghost of James the Basher, a journeyman TrGl of Hepliaklqana (D:8)
  2 merfolk impalers (Shoals:4)
  5 hydras
  2 vault guards (D:13)
  An alligator snapping turtle (Shoals:4)
  Erolcha (Orc:2)
  A merfolk avatar (Shoals:4)
  A catoblepas (Lair:5)
  2 boulder beetles
  A centaur warrior (D:11)
  A satyr (Shoals:4)
  4 two-headed ogres
  A tengu warrior (D:14)
  The ghost of CapUranus the Blocker, a novice GrFi of Gozag (D:8)
  A skeletal warrior (Volcano)
  2 sea snakes
  A lindwurm (Lair:5)
  A deep elf archer (D:14)
  14 harpies
  An orc knight (Orc:1)
  2 manticores
  4 orc sorcerers
  4 fauns
  5 cyclopes
  2 elephants (Lair:5)
  An alligator skeleton (Volcano)
  2 kobold blastminers (Orc:2)
  3 slime creatures
  An ice statue (D:10)
  2 water nymphs
  2 merfolk sirens (Shoals:2)
  2 black mambas (Lair:4)
  3 gargoyles (Volcano)
  3 cane toads
  An efreet (D:12)
  3 komodo dragons
  An unseen horror (shapeshifter) (D:13)
  3 yaktaurs (D:15)
  3 rime drakes (Lair:5)
  A troll (Orc:1)
  A hornet (D:8)
  2 wind drakes
  12 merfolk
  2 blink frogs (Lair:5)
  A harpy skeleton (Volcano)
  6 dream sheep
  3 snapping turtles
  A centaur simulacrum (D:15)
  5 water elementals
  A vampire (D:11)
  A shadow (D:12)
  3 hogs (D:13)
  3 fire bats
  19 yaks
  3 fire elementals (D:12)
  2 steam dragons (Lair:5)
  2 wargs (Orc:2)
  4 basilisks
  2 redbacks (D:12)
  2 acid dragons
  2 battlemagi
  3 water moccasins
  6 orc warriors
  A black bear (D:8)
  2 laughing skulls
  6 ogres
  2 centaurs (D:11)
  A gnoll sergeant (D:9)
  A scorpion (D:7)
  3 howler monkeys
  2 electric eels
  2 hounds
  A lava snake (Lair:3)
  3 orc priests
  Crazy Yiuf (D:5)
  3 iguanas (Lair:5)
  21 orc wizards
  2 gnolls (D:9)
  2 shadow imps
  An ufetubus (D:5)
  A ribbon worm (D:5)
  25 orcs
267 creatures vanquished.

Vanquished Creatures (others)
  A manticore (Shoals:1)
  A troll (D:11)
  2 merfolk (Shoals:3)
  12 battlemagi
  An orc zombie (Orc:1)
17 creatures vanquished.

Grand Total: 876 creatures vanquished

Notes
Turn   | Place    | Note
-------+----------+-------------------------------------------
     0 | D:1      | Bnni the Formicid Fighter began the quest for the Orb.
     0 | D:1      | Reached XP level 1. HP: 18/18 MP: 1/1
   147 | D:1      | Reached XP level 2. HP: 15/24 MP: 2/2
   216 | D:1      | Found a faded altar of an unknown god.
   441 | D:1      | Reached XP level 3. HP: 30/30 MP: 3/3
  1168 | D:2      | Found Gaahacw's Magic Scroll Shoppe.
  1324 | D:3      | Found a radiant altar of Vehumet.
  1407 | D:3      | Reached XP level 4. HP: 37/37 MP: 4/4
  1527 | D:3      | Found Kyoda's Book Emporium.
  1528 | D:3      | Noticed a scorpion
  1539 | D:3      | Killed a scorpion
  1540 | D:3      | Reached XP level 5. HP: 18/43 MP: 5/5
  1635 | D:3      | Found Karig's Assorted Antiques.
  1646 | D:3      | Bought a scroll labelled FIOTWE HETWE for 24 gold pieces
  1753 | D:3      | Found Zihuba's Antique Armour Shoppe.
  1895 | D:3      | Found an ornate altar of the Wu Jian Council.
  1941 | D:3      | Found a sacrificial altar of Ru.
  1956 | D:3      | Found Cyn Vala's General Store.
  2087 | D:4      | Found a shadowy altar of Dithmenos.
  2091 | D:4      | Reached XP level 6. HP: 38/50 MP: 6/6
  2166 | D:4      | Found a snail-covered altar of Cheibriados.
  2183 | D:4      | Reached skill level 5 in Staves
  2223 | D:4      | Reached skill level 5 in Fighting
  2261 | D:4      | Found a staircase to the Ecumenical Temple.
  2272 | Temple   | Entered the Ecumenical Temple
  2284 | Temple   | Became a worshipper of Hepliaklqana the Forgotten
  2429 | D:4      | Reached skill level 1 in Invocations
  2429 | D:4      | Reached XP level 7. HP: 36/56 MP: 7/7
  2470 | D:4      | Found a glowing silver altar of Zin.
  3208 | D:4      | Reached XP level 8. HP: 64/64 MP: 10/10
  3283 | D:5      | Entered Level 5 of the Dungeon
  3312 | D:5      | Found a glowing drain.
  3368 | Sewer    | Entered a sewer
  4126 | D:5      | Reached * piety under Hepliaklqana
  4261 | D:5      | Found a runed translucent door.
  4262 | D:5      | Noticed Crazy Yiuf
  4275 | D:5      | Killed Crazy Yiuf
  4356 | D:5      | Reached XP level 9. HP: 61/63 MP: 12/12
  4489 | D:5      | Reached skill level 5 in Invocations
  4528 | D:5      | Found a shimmering altar of Xom.
  4548 | D:5      | Noticed a two-headed ogre
  4554 | D:5      | Killed a two-headed ogre
  5309 | D:7      | Reached XP level 10. HP: 68/72 MP: 15/15
  5343 | D:7      | Found Mezeli's General Store.
  5350 | D:7      | Reached ** piety under Hepliaklqana
  5351 | D:7      | Remembered your ancestor Blaster McGee as a battlemage
  5473 | D:7      | Reached skill level 10 in Staves
  5514 | D:7      | Found an opulent altar of Gozag.
  5643 | D:7      | Identified the +5 mace "Reach" {freeze, rN+ Will++}
  5658 | D:7      | Noticed Duvessa
  5662 | D:7      | Noticed Dowan
  5664 | D:7      | Killed Duvessa
  5667 | D:7      | Killed Dowan
  5835 | D:7      | Noticed a komodo dragon
  5841 | D:7      | Killed a komodo dragon
  5919 | D:7      | Found a shimmering blue altar of Sif Muna.
  6719 | D:8      | Found a staircase to the Lair.
  6719 | D:8      | Noticed an elephant
  6727 | D:8      | Reached XP level 11. HP: 64/80 MP: 17/17
  6736 | D:8      | Killed an elephant
  6776 | D:8      | Found a runed translucent gate.
  6776 | D:8      | Found a runed translucent gate.
  6777 | D:8      | Found a runed translucent gate.
  6777 | D:8      | Reached *** piety under Hepliaklqana
  6779 | D:8      | Noticed James's ghost (journeyman TrGl)
  6779 | D:8      | Noticed CapUranus's ghost (novice GrFi)
  7175 | D:8      | Killed James's ghost
  7184 | D:8      | Killed CapUranus's ghost
  7185 | D:8      | Reached skill level 5 in Shields
  7363 | D:9      | Reached skill level 6 in Shields
  7433 | D:9      | Found an ancient bone altar of Kikubaaqudgha.
  7685 | D:9      | Reached skill level 10 in Fighting
  7700 | D:9      | Identified the +3 sling of Undoing {heavy, rF+}
  7751 | D:9      | Reached skill level 7 in Shields
  7880 | D:10     | Entered Level 10 of the Dungeon
  8006 | D:10     | Reached **** piety under Hepliaklqana
  8049 | D:10     | Found a white marble altar of Elyvilon.
  8431 | D:10     | Found a glowing golden altar of the Shining One.
  8603 | D:10     | Reached XP level 12. HP: 47/88 MP: 19/19
  8860 | D:3      | Bought a runed kite shield for 180 gold pieces
  9047 | D:11     | Noticed Snorg
  9054 | D:11     | Killed Snorg
  9055 | D:11     | Reached skill level 8 in Shields
  9170 | D:11     | Found a large runed translucent door.
  9170 | D:11     | Found a large runed translucent door.
  9171 | D:11     | Noticed zfabert001's ghost (journeyman OnGl)
  9185 | D:11     | Killed zfabert001's ghost
  9186 | D:11     | Reached skill level 10 in Invocations
  9216 | D:11     | Noticed a boulder beetle
  9231 | D:11     | Killed a boulder beetle
  9232 | D:11     | Reached skill level 9 in Shields
  9313 | D:11     | Noticed a centaur warrior
  9313 | D:11     | Noticed a two-headed ogre
  9313 | D:11     | Noticed a two-headed ogre
  9319 | D:11     | Killed a centaur warrior
  9324 | D:11     | Killed a two-headed ogre
  9325 | D:11     | Killed a two-headed ogre
  9371 | D:11     | Reached skill level 10 in Shields
  9427 | D:11     | Noticed Psyche
  9440 | D:11     | Killed Psyche
  9455 | D:11     | Identified the +2 robe "Xiykuh" {rN+ Str+2 SInv}
  9488 | D:11     | Noticed Lodul
  9514 | D:11     | Killed Lodul
  9515 | D:11     | Noticed a two-headed ogre
  9517 | D:11     | Reached XP level 13. HP: 29/95 MP: 21/21
  9526 | D:11     | Reached skill level 11 in Shields
  9660 | D:11     | Found a staircase to the Orcish Mines.
  9680 | D:11     | Reached ***** piety under Hepliaklqana
 10043 | D:12     | Found a portal to a secret trove of treasure.
 10326 | D:12     | Reached skill level 12 in Shields
 10641 | D:12     | Noticed Azrael
 10753 | Lair:1   | Entered Level 1 of the Lair of Beasts
 10907 | Lair:1   | Reached skill level 5 in Armour
 11002 | Lair:1   | Reached skill level 1 in Throwing
 11300 | Lair:1   | Reached skill level 13 in Shields
 11341 | Lair:1   | Identified the +6 falchion of Ito Huh {holy, Int+3}
 11676 | Lair:2   | Noticed Gastronok
 11699 | Lair:2   | Killed Gastronok
 11700 | Lair:2   | Reached XP level 14. HP: 103/103 MP: 23/23
 11721 | Lair:2   | Found a dark tunnel.
 11726 | Volcano  | Entered a volcano
 12457 | Lair:2   | Found a staircase to the Snake Pit.
 12750 | Lair:3   | Reached skill level 14 in Shields
 13636 | Lair:3   | Reached ****** piety under Hepliaklqana
 14467 | Lair:4   | Found a runed translucent door.
 14468 | Lair:4   | Noticed Murgh's ghost (journeyman MiBe)
 14565 | Lair:4   | Killed Murgh's ghost
 14855 | Lair:5   | Entered Level 5 of the Lair of Beasts
 14870 | Lair:5   | Reached skill level 15 in Shields
 14907 | Lair:5   | Reached XP level 15. HP: 77/109 MP: 25/25
 14927 | Lair:5   | Reached skill level 5 in Throwing
 15580 | Lair:5   | Found a staircase to the Slime Pits.
 16151 | Orc:1    | Entered Level 1 of the Orcish Mines
 16233 | Orc:1    | Noticed an orc warlord
 16248 | Orc:1    | Killed an orc warlord
 16276 | Orc:1    | Found a burning altar of Makhleb.
 16479 | Orc:2    | Entered Level 2 of the Orcish Mines
 16479 | Orc:2    | Found a shimmering altar of Xom.
 16491 | Orc:2    | Noticed Nessos
 16619 | Orc:2    | Killed Nessos
 16865 | Orc:2    | Reached skill level 16 in Shields
 16929 | Orc:2    | Found an ancient bone altar of Kikubaaqudgha.
 16949 | Orc:2    | Found Jozapioc's Magic Scroll Boutique.
 16958 | Orc:2    | Bought a scroll of identify for 34 gold pieces
 16958 | Orc:2    | Bought a scroll of poison for 68 gold pieces
 16958 | Orc:2    | Bought a scroll of identify for 34 gold pieces
 16960 | Orc:2    | Noticed Erolcha
 16969 | Orc:2    | Found a radiant altar of Vehumet.
 16970 | Orc:2    | Killed Erolcha
 16998 | Orc:2    | Found Onassum's Jewellery Boutique.
 17033 | Orc:2    | Found Waquag's Antique Armour Shop.
 17098 | Orc:2    | Found Nitamm's Distillery.
 17206 | Orc:2    | Found a staircase to the Elven Halls.
 17275 | Orc:2    | Noticed Urug
 17279 | Orc:2    | Reached XP level 16. HP: 118/118 MP: 26/26
 17284 | Orc:2    | Killed Urug
 17800 | Orc:2    | Bought a potion of experience for 750 gold pieces
 17800 | Orc:2    | Bought a potion of heal wounds for 75 gold pieces
 17807 | Orc:2    | Bought a glowing plate armour for 546 gold pieces
 17807 | Orc:2    | Bought a pair of glowing gloves for 157 gold pieces
 17847 | Orc:2    | Bought a runed plate armour for 546 gold pieces
 17869 | Orc:2    | Reached skill level 10 in Throwing
 17869 | Orc:2    | Reached XP level 17. HP: 124/124 MP: 27/27
 18009 | D:12     | Killed Azrael
 18143 | D:13     | Found Peass's Jewellery Shoppe.
 18245 | D:13     | Noticed Kirke
 18251 | D:13     | Noticed a sphinx
 18263 | D:13     | Killed Kirke
 18852 | D:13     | Found a gate to the Vaults.
 19084 | D:14     | Found Mosoibo's Magic Scroll Shop.
 19305 | D:14     | Noticed Jorgrun
 19324 | D:14     | Reached skill level 10 in Armour
 19324 | D:14     | Reached skill level 17 in Shields
 19329 | D:14     | Killed Jorgrun
 19424 | D:14     | Found a runed translucent gate.
 19424 | D:14     | Found a runed translucent gate.
 19424 | D:14     | Found a runed translucent gate.
 19426 | D:14     | Found an ancient bone altar of Kikubaaqudgha.
 19426 | D:14     | Noticed a lich
 19426 | D:14     | Noticed a lich
 19426 | D:14     | Noticed Uqorphet's ghost (journeyman DECj)
 19426 | D:14     | Noticed a lich
 19427 | D:14     | Noticed Ytheofip's ghost (journeyman FoFi)
 19509 | D:14     | Found a glowing silver altar of Zin.
 20005 | D:15     | Entered Level 15 of the Dungeon
 20891 | D:15     | Found a staircase to the Depths.
 21122 | Shoals:1 | Entered Level 1 of the Shoals
 22396 | Shoals:1 | Reached XP level 18. HP: 132/132 MP: 28/28
 22474 | Shoals:1 | Identified the +3 buckler of the Fortifying Gods {Harm rN+
                  | SInv}
 22667 | Shoals:2 | Reached skill level 18 in Shields
 23345 | Shoals:3 | Found Estrent's Distillery.
 23404 | Shoals:3 | Reached skill level 15 in Fighting
 23938 | Shoals:3 | Noticed Bai Suzhen
 23960 | Shoals:3 | Killed Bai Suzhen
 24227 | Shoals:3 | Found Tuwoywy's Self-Improvement Boutique.
 24531 | Shoals:4 | Entered Level 4 of the Shoals
 24893 | Shoals:4 | Noticed Ilsuiw
 24948 | Shoals:4 | Reached skill level 19 in Shields
 25754 | Shoals:4 | Got Xebleru's Precepts of Maleficia and Geometries
 25785 | Shoals:4 | HP: 1/134 [water nymph/the raging water (27)]
 25786 | Shoals:4 | Killed from afar by a water nymph

Illustrated notes

Levels and vault maps discovered:
D:1:      eino_arrival_tree_alley, layout_basic,
          shapermc_ecumenical_altar_acropolis
D:2:      layout_loops_ring, serial_shops, shop, minmay_misc_feat_secret_circle
D:3:      layout_rooms, nicolae_wu_jian_immortal_techniques,
          mainiacjoe_overflow_alcove_4, mainiacjoe_overflow_paths, serial_shops,
          shop, shop_fountains, shop_fountains,
          nicolae_shop_tiny_real_fake_doors, minmay_cut_off
D:4:      layout_layer_cave, grunt_dithmenos_smoke_and_mirrors,
          overflow_temple_1_default, mainiacjoe_overflow_tiny_flanked,
          minmay_temple_entry_stoned_glass, minivault_19
D:5:      layout_cave_pods, mainiacjoe_overflow_alcove_1, portal_sewer_entry_a,
          uniq_crazy_yiuf_cottage
D:6:      layout_basic
D:7:      layout_loops_corners, mainiacjoe_overflow_boulevard,
          lemuel_coloured_pillars_altar, serial_shops, shop,
          dreamdust_mushroom_princess, uniq_duvessa
D:8:      layout_cave_pods, david_lair_generic, gammafunk_ghost_cemetery,
          st_stairs_12, minmay_misc_feat_hallway
D:9:      layout_roguey, kiku_gazebo_pond_becter, minmay_misc_feat_room
D:10:     lemuel_ice_statue, layout_irregular_city,
          mainiacjoe_overflow_chevrons, elyvilon_altar_3, serial_glass,
          glass_columns_c, glass_columns_b
D:11:     minmay_the_grid_square_5x5_3x3
          [minmay_the_grid_square_5x5_two_walls_b,
          minmay_the_grid_square_5x5_longway,
          minmay_the_grid_square_5x5_pentomino_r, minmay_the_grid_square_5x5_z,
          minmay_the_grid_square_5x5_megaprize_crossed,
          minmay_the_grid_square_5x5_three_small,
          minmay_the_grid_square_5x5_checkered_statues,
          minmay_the_grid_square_5x5_misaligned,
          minmay_the_grid_square_5x5_checkered], layout_rooms, orc_0_dummy,
          ebering_ghost_disaster_area, special_room [special_room_orc],
          uniq_psyche, uniq_snorg, uniq_lodul
D:12:     layout_basic, serial_demonic, serial_demonic_g, serial_demonic_c,
          serial_demonic_g, serial_demonic_f, enter_trove_0, drop_trap,
          uniq_azrael
D:13:     layout_irregular_city, grunt_vaults_entry_fortified, serial_shops,
          shop, uniq_kirke
D:14:     layout_irregular_city, serial_shops, shop, zin_angel,
          gammafunk_ghost_crypt, grunt_decor_junction, minmay_strange_pillars,
          minmay_misc_feat_pillars, minivault_28, uniq_jorgrun
D:15:     grunt_enter_depths_hoard, layout_cave_pools,
          serial_library_hellmonk_layered_room, minmay_misc_feat_enclosed
Temple:   eino_temple_lava
Lair:1:   layout_gridlike, ldierk_geyser, minivault_19, lemuel_fruit_fields
Lair:2:   layout_long_grid, nicolae_shoals_entry_flooding, dummy_snake_entry,
          enter_volcano_4, uniq_gastronok
Lair:3:   layout_small_grid, nicolae_lair_liquid_snakes
Lair:4:   layout_roguey, gammafunk_ghost_grave
Lair:5:   guppyfry_lair_end_dragon, layout_gridlike, dpeg_slime_entry_corner,
          grunt_megastairs_3, lemuel_fruit_fields, infiniplex_staircase_pool
Shoals:1: layout_shoals
Shoals:2: layout_shoals
Shoals:3: layout_shoals, serial_shops, shop, nicolae_shop_self_help,
          uniq_bai_suzhen
Shoals:4: shoals_end_hangedman, layout_shoals, shoals_ilsuiw_alternative,
          portal_ice_cave_entry_ice_statue_two
Orc:1:    layout_diamond_mine, basic_altar
Orc:2:    kennysheep_orc_mage_school, layout_caves, basic_altar,
          nicolae_orc_quarried_blocks, uniq_urug, uniq_erolcha, uniq_nessos

Skill      XL: |  1  2  3  4  5  6  7  8  9 10 11 12 13 14 15 16 17 18 |
---------------+-------------------------------------------------------+-----
Staves         | 3 4 5 6 8 9 11 12 13 14 | 14.0
Fighting       | 4 5 6 8 9 10 11 12 13 14 15 | 15.4
Invocations    | 1 2 4 6 8 9 10 12 14 | 14.0
Shields        | 7 10 13 15 16 17 19 | 19.4
Armour         | 5 7 9 10 11 | 11.5
Throwing       | 2 4 8 10 12 13 | 13.9

Action                     |  1- 3 |  4- 6 |  7- 9 | 10-12 | 13-15 | 16-18 || total
---------------------------+-------+-------+-------+-------+-------+-------++-------
  Melee: Quarterstaff      |    99 |   163 |   287 |   391 |   934 |   640 ||  2514
         Halberd           |       |       |       |       |     7 |       ||     7
  Throw: Dart              |       |       |     3 |    12 |    16 |    10 ||    41
         Javelin           |       |       |       |       |     4 |       ||     4
         Throwing net      |       |       |       |       |     2 |     8 ||    10
         Boomerang         |       |       |       |       |     1 |    20 ||    21
 Invoke: Ancestor Identity |       |       |     1 |       |       |       ||     1
         Recall Ancestor   |       |       |       |     2 |    10 |     6 ||    18
         Ancestor Life: Ba |       |       |       |     1 |       |       ||     1
         Idealise          |       |       |       |       |     3 |    10 ||    13
         Transference      |       |       |       |       |     1 |     2 ||     3
Ability: Dig               |       |       |       |       |       |     1 ||     1
  Evoke: Wand              |       |       |       |     1 |    10 |     1 ||    12
    Use: Potion            |       |     1 |       |     4 |     5 |     3 ||    13
         Scroll            |       |     6 |     4 |     3 |    12 |     7 ||    32
   Stab: Distracted        |       |       |       |     7 |    13 |    14 ||    34
         Confused          |       |       |       |     1 |     6 |     9 ||    16
         Invisible         |       |       |       |     5 |     2 |       ||     7
         Paralysed         |       |       |       |       |     5 |     3 ||     8
         Held in net/web   |       |       |       |       |     1 |     3 ||     4
         Petrifying        |       |       |       |       |       |     1 ||     1
 Armour: Scale mail        |    34 |       |       |       |       |     4 ||    38
         Chain mail        |    20 |   132 |   157 |    20 |   497 |     1 ||   827
         Plate armour      |       |       |       |   223 |    24 |   427 ||   674
  Dodge: Dodged            |    35 |    70 |    64 |    70 |   190 |   108 ||   537
  Block: Buckler           |    32 |    46 |       |       |       |       ||    78
         Kite shield       |       |       |   108 |   169 |   540 |   320 ||  1137
         Reflection        |       |       |       |       |       |    36 ||    36
         Tower shield      |       |       |       |       |       |   302 ||   302
